 Dungeon Crawl Stone Soup version 0.29.1-2-gbd0b4ee654 (webtiles) character file.

Game seed: 9218724864037145742

44 Arcadio the Shooter (level 3, -1/69 HPs)
             Began as a Minotaur Hunter on Nov 4, 2022.
             Slain by Terence
             ... wielding a +1 vorpal flail
              (4 damage)
             ... on level 2 of the Dungeon.
             The game lasted 00:04:40 (1668 turns).

Arcadio the Shooter (Minotaur Hunter)               Turns: 1668, Time: 00:04:40

Health: -1/69      AC: 21    Str: 15    XL:     3   Next: 41%
Magic:  2/2        EV:  2    Int:  6    God:
Gold:   107        SH:  0    Dex: 15    Spells: 2/2 levels left

rFire   . . .      SeeInvis .   b - +2 dagger (freeze)
rCold   . . .      Faith    .   (no shield)
rNeg    . . .      Spirit   .   (body armour currently unavailable)
rPois   +          Reflect  .   (helmet currently unavailable)
rElec   .          Harm     .   (cloak currently unavailable)
rCorr   .          Rampage  .   (gloves currently unavailable)
Will    .....      NoTele   +   (boots currently unavailable)
Stlth   ..........              (no amulet)
HPRegen 0.21/turn               s - ring of flight
MPRegen 0.08/turn               (no ring)

@: berserking, tree-form, very quick
A: stationary, stasis, torment immunity, boosted hp, (horns 2), (retaliatory
headbutt)
a: no special abilities


You were on level 2 of the Dungeon.
You were a tree.
You visited 1 branch of the dungeon, and saw 2 of its levels.

You collected 107 gold pieces.

Inventory:

Hand Weapons
 a - a +0 shortbow
 b - a +2 dagger of freezing (weapon)
 g - a +0 long sword
 l - a +2 dagger of holy wrath
Armour
 c - a +0 leather armour (melded)
 n - a +0 chain mail
 r - a +0 pair of gloves (melded)
Jewellery
 s - a ring of flight (left branch)
 w - an amulet of guardian spirit
Scrolls
 d - a scroll of fog {unknown}
 e - 4 scrolls of immolation
 f - a scroll of identify {unknown}
 h - a scroll of blinking {unknown}
 i - a scroll of enchant armour {unknown}
 m - a scroll of amnesia {unknown}
 p - a scroll of silence {unknown}
 q - a scroll of enchant weapon {unknown}
 t - a scroll of poison {unknown}
Potions
 o - a potion of heal wounds {unknown}
 u - a potion of cancellation
 v - a potion of curing {unknown}


   Skills:
 + Level 3.3 Fighting
 + Level 4.9 Ranged Weapons
 + Level 2.0 Armour
 - Level 2.1 Dodging
 - Level 0.7 Stealth


You had 2 spell levels left.
You didn't know any spells.
Your spell library contained the following spells:

 Spells                   Type           Power      Damage    Failure   Level
 Freeze                   Ice            0%         1d3       45%         1
 Frozen Ramparts          Ice            0%         1d1       83%         3
 Gell's Gravitas          Tloc           0%         N/A       83%         3
 Teleport Other           Tloc           0%         N/A       83%         3
 Hailstorm                Conj/Ice       0%         3d3       99%         4
 Dispersal                Tloc           0%         N/A       100%        6


Dungeon Overview and Level Annotations

Branches:
Dungeon (2/15) Zot: 10334

Altars:

Annotations:
D:2 Terence


Innate Abilities, Weirdness & Mutations

You are a tree.
Your roots penetrate the ground, keeping you stationary.
You cannot be teleported.
You are immune to unholy pain and torment.
Your maximum health is greatly increased.
Your equipment is partially melded.
((You have a pair of horns on your head.))
((You reflexively headbutt those who attack you in melee.))


Message History

Terence is lightly wounded.
Terence closely misses you.
You hit Terence but do no damage. You headbutt Terence, but do no damage.
Terence is lightly wounded.
Terence hits you with a +1 vorpal flail!
You closely miss Terence.
Terence is lightly wounded.
Terence hits you with a +1 vorpal flail!
* * * LOW HITPOINT WARNING * * *
You barely miss Terence. You headbutt Terence.
Terence is moderately wounded.
Terence says, "You're history."
Terence hits you with a +1 vorpal flail!
* * * LOW HITPOINT WARNING * * *
x2 Unknown command.
It was a potion of cancellation.
You feel magically purged. Terence misses you.
It was a potion of lignification.
You turn into a tree.
Your +0 pair of gloves melds into your body.
Your +0 leather armour melds into your body.
Your roots penetrate the ground.
Terence hits you but does no damage.
It was a potion of berserk rage.
A red film seems to cover your vision as you go berserk!
You feel yourself moving faster!
You feel mighty! Terence hits you but does no damage.
You are too berserk!
You hit Terence. You freeze Terence.
Terence is heavily wounded.
You barely miss Terence.
Terence is heavily wounded.
Terence hits you with a +1 vorpal flail.
* * * LOW HITPOINT WARNING * * *
x2 You hit Terence.
You freeze Terence.
Terence is almost dead.
Terence hits you but does no damage.
You closely miss Terence.
Terence is almost dead.
You barely miss Terence.
Terence is almost dead.
Terence hits you with a +1 vorpal flail.
You die...

##############
#.........♣@.#
#.##########.#
#.# .# #.# .#
#.# .#
#######.# .#
........# .#
######### .#
...


You could see Terence.

Vanquished Creatures
  An adder (D:2)
  4 bats
  An endoplasm (D:1)
  A giant cockroach (D:1)
  3 goblins (D:1)
  A hobgoblin (D:1)
  8 jackals (D:1)
  3 kobolds (D:1)
  A quokka (D:1)
  A ball python (D:2)
  5 frilled lizards
  3 rats (D:1)
32 creatures vanquished.

Notes
Turn   | Place    | Note
-------+----------+-------------------------------------------
     0 | D:1      | Arcadio the Minotaur Hunter began the quest for the Orb.
     0 | D:1      | Reached XP level 1. HP: 18/18 MP: 0/0
   213 | D:1      | Reached skill level 1 in Armour
   251 | D:1      | Reached XP level 2. HP: 25/25 MP: 1/1
   686 | D:1      | Found a faded altar of an unknown god.
   696 | D:1      | Reached XP level 3. HP: 23/31 MP: 2/2
  1652 | D:2      | Noticed Terence
  1659 | D:2      | HP: 1/31 [Terence/+1 vorpal flail (1)]
  1665 | D:2      | HP: 3/69 [Terence/+1 vorpal flail (1)]
  1668 | D:2      | Slain by Terence

Illustrated notes

Levels and vault maps discovered:
D:1:      nicolae_arrival_washed_ashore, layout_loops_ring,
          hellmonk_ecumenical_altar_dog_temple, hangedman_abyss_or_decor_stabs,
          minmay_misc_feat_ornament
D:2:      layout_basic, minmay_rat_hole, uniq_terence

Skill      XL: |  1  2  3 |
---------------+----------+-----
Armour         | 1 2 |  2.0
Fighting       | 3 |  3.3
Ranged Weapons | |  4.9
Dodging        | |  2.1
Stealth        | |  0.7

Action                   || total
-------------------------++-------
Melee: Dagger            ||    41
       Headbutt          ||    10
 Fire: Shortbow          ||    50
  Use: Potion            ||     3
Armor: Leather armour    ||    14
       Skin              ||     3
Dodge: Dodged            ||    28
